 Dungeon Crawl Stone Soup version 0.27.1-3-gb3d3a73c9e (webtiles) character file.

Game seed: 4868699670278122370

872 Crownlay the Cleaver (level 8, -8/73 HPs)
             Began as a Hill Orc Fighter on Oct 21, 2021.
             Was a Follower of Ashenzari.
             Mangled by Duvessa (11 damage)
             ... on level 3 of the Dungeon.
             The game lasted 00:08:12 (3099 turns).

Crownlay the Cleaver (Hill Orc Fighter)             Turns: 3099, Time: 00:08:13

Health: -8/73      AC: 12    Str: 21    XL:     8   Next: 4%
Magic:  8/8        EV:  9    Int:  8    God:    Ashenzari [*.....]
Gold:   82         SH:  0    Dex: 10    Spells: 7/7 levels left

rFire    . . .     SeeInvis .   a - +0 war axe of the Restrained Yoke {Bglg, Cun} (curse)
rCold    . . .     Faith    .   (no shield)
rNeg     . . .     Spirit   .   b - +0 scale mail
rPois    .         Reflect  .   i - +0 helmet of Ashenzari's Sun {Melee, Alch} (curse)
rElec    .         Harm     .   (no cloak)
rCorr    .         Rampage  .   (no gloves)
Will     .....                  (no boots)
Stlth    ..........             (no amulet)
HPRegen  0.22/turn              g - +4 ring of protection
MPRegen  0.11/turn              (no ring)

@: no status effects
A: no striking features
a: Renounce Religion, Curse Item, Shatter the Chains


You were on level 3 of the Dungeon.
You worshipped Ashenzari.
Ashenzari was aware of your devotion.
You visited 1 branch of the dungeon, and saw 4 of its levels.

You collected 82 gold pieces.

Inventory:

Hand Weapons
 a - the cursed +0 war axe of the Restrained Yoke (weapon) {Bglg, Cun}

   It has a curse which improves the following skills: Beguiling: Conjurations,
   Hexes and Translocations.
   Cunning:   Dodging and Stealth.
 j - a +0 hand axe
 k - a +0 short sword
Armour
 b - a +0 scale mail (worn)
 c - a +0 kite shield
 i - the cursed +0 helmet of Ashenzari's Sun (worn) {Melee, Alch}
   (You found it on level 1 of the Dungeon)

   It has a curse which improves the following skills: Melee Combat: Short
   Blades, Long Blades, Axes, Maces & Flails, Polearms, Staves and Unarmed
   Combat.
   Alchemy:   Poison Magic and Transmutations.
 r - a +0 pair of boots
Jewellery
 g - a +4 ring of protection (left hand)
Wands
 o - a wand of paralysis (7)
Scrolls
 e - a scroll of amnesia
 l - a scroll of immolation
 m - a scroll of brand weapon
 n - a scroll of fear
 q - a scroll of enchant weapon
 s - 3 scrolls of magic mapping
Potions
 f - 2 potions of brilliance
 p - a potion of cancellation


   Skills:
 + Level 7.1 Fighting
 * Level 9.7(10.7) Axes
 - Level 3.2 Armour
 - Level 3.2 Shields


You had 7 spell levels left.
You didn't know any spells.
Your spell library contained the following spells:

 Spells                   Type           Power      Damage    Failure   Level
 Blink                    Tloc           N/A        N/A       86%         2
 Slow                     Hex            0%         N/A       86%         2
 Confusing Touch          Hex            0%         N/A       98%         3
 Lesser Beckoning         Tloc           0%         N/A       98%         3
 Vampiric Draining        Necr           0%         2d6       98%         3
 Manifold Assault         Tloc           0%         N/A       100%        5


Dungeon Overview and Level Annotations

Branches:
Dungeon (4/15)
 Temple: D:4-7

Altars:
Ashenzari
Fedhas
Nemelex Xobeh
Xom

Annotations:
D:3 Duvessa


Message History

You barely miss Duvessa. Duvessa hits you with a +0 short sword!
* * * LOW HITPOINT WARNING * * *
You slash Duvessa!
Duvessa is lightly wounded.
Duvessa hits you with a +0 short sword!
* * * LOW HITPOINT WARNING * * *
Duvessa hits you with a +0 short sword!
* * * LOW HITPOINT WARNING * * *
You feel much better. Duvessa barely misses you.
Okay, then.
Okay, then.
Duvessa completely misses you.
You see here a potion of curing.
Okay, then.
Duvessa hits you with a +0 short sword!
* * * LOW HITPOINT WARNING * * *
You hit Duvessa.
Duvessa is moderately wounded.
Duvessa hits you with a +0 short sword.
* * * LOW HITPOINT WARNING * * *
Duvessa hits you but does no damage.
There is a stone staircase leading up here.
Duvessa hits you but does no damage.
You climb upwards.
There is a stone staircase leading down here.
Duvessa hits you with a +0 short sword.
* * * LOW HITPOINT WARNING * * *
Duvessa hits you with a +0 short sword!
* * * LOW HITPOINT WARNING * * *
Okay, then.
You can't see any enemies this would affect, really read the scroll of fear?
Okay, then.
Okay, then.
Okay, then.
Aiming: Paralyse
Press: ? - help, Shift-Dir - straight line, f - Duvessa
Aim: Duvessa, wielding a +0 short sword and wearing a +0 leather armour (lightly wounded, berserk, strong, chance to affect: 28%) Duvessa easily resists.
Duvessa is no longer berserk.
Duvessa hits you with a +0 short sword!
You die...

###
#.....<.#############.###.# #
####.#### ###...## ## #.#
##.....# .# ##.## #....... .#
#...# ##.....#
.########..#### #######
####...##
.#............###.....#
#.######
..(..###.#.##...#.....#
#......#
..............#.@e..>.#
#.#....#
.....###.##.#...#.....#
#.#.##.#
...#####.##.#.###.....#
#..<...# ..............#
####### ###.####
..#########.### #.# ..# #.#
#.# ..## #<###############.#
...# #........#(.....#.#
##.##########.#.##.#.####.#.#


You could see Duvessa (strong, slow).

Vanquished Creatures
  Pikel (D:3)
  Sigmund (D:4)
  A scorpion (D:4)
  Dowan (D:4)
  2 vampire bats (D:3)
  An iguana (D:4)
  2 adders
  An adder skeleton (D:4)
  5 worms
  2 dart slugs (D:2)
  2 orcs (D:4)
  6 ball pythons
  8 endoplasms
  3 giant cockroaches
  4 goblins
  6 hobgoblins
  A jackal (D:2)
  7 kobolds
  6 bats
  A frilled lizard (D:2)
  6 rats
67 creatures vanquished.

Vanquished Creatures (others)
  7 plants (D:2)
7 creatures vanquished.

Grand Total: 74 creatures vanquished

Notes
Turn   | Place    | Note
-------+----------+-------------------------------------------
     0 | D:1      | Crownlay the Hill Orc Fighter began the quest for the Orb.
     0 | D:1      | Reached XP level 1. HP: 19/19 MP: 1/1
    45 | D:1      | Reached skill level 3 in Axes
   165 | D:1      | Reached XP level 2. HP: 27/27 MP: 2/2
   427 | D:1      | Found a faded altar of an unknown god.
   439 | D:1      | Became a worshipper of Ashenzari the Shackled
   713 | D:2      | Reached skill level 4 in Axes
   937 | D:2      | Reached XP level 3. HP: 33/33 MP: 3/3
  1298 | D:2      | Reached * piety under Ashenzari
  1396 | D:2      | Reached XP level 4. HP: 41/41 MP: 4/4
  1702 | D:3      | Reached skill level 5 in Axes
  1789 | D:3      | Found a blossoming altar of Fedhas.
  2101 | D:3      | Found a sparkling altar of Nemelex Xobeh.
  2511 | D:3      | Reached XP level 5. HP: 45/47 MP: 5/5
  2522 | D:3      | Reached skill level 5 in Fighting
  2522 | D:3      | Reached skill level 6 in Axes
  2654 | D:4      | Found a shimmering altar of Xom.
  2654 | D:4      | Found a shimmering altar of Xom.
  2656 | D:4      | Found a shimmering altar of Xom.
  2659 | D:4      | Found a shimmering altar of Xom.
  2673 | D:4      | Noticed Pikel
  2674 | D:4      | Noticed a lemure
  2675 | D:4      | Noticed a lemure
  2676 | D:4      | Noticed a lemure
  2680 | D:4      | Noticed a lemure
  2701 | D:3      | Reached XP level 6. HP: 46/56 MP: 6/6
  2711 | D:3      | Killed Pikel
  2712 | D:3      | Reached skill level 8 in Axes
  2712 | D:3      | Reached XP level 7. HP: 20/64 MP: 7/7
  2991 | D:4      | Reached skill level 9 in Axes
  3023 | D:4      | Noticed Sigmund
  3031 | D:4      | Killed Sigmund
  3076 | D:4      | Noticed Duvessa
  3076 | D:4      | Noticed Dowan
  3081 | D:4      | Killed Dowan
  3082 | D:4      | Reached XP level 8. HP: 37/73 MP: 8/8
  3086 | D:4      | HP: 3/73 [Duvessa (9)]
  3098 | D:3      | HP: 3/73 [Duvessa (10)]
  3099 | D:3      | Mangled by Duvessa

Illustrated notes

Levels and vault maps discovered:
D:1:      psy_arrival_dodecagon, layout_basic,
          chequers_ecumenical_altar_simple_redux
D:2:      layout_loops_ring, serial_bayou, serial_bayou_lake_a,
          serial_bayou_crossing, serial_bayou_shore_b, serial_bayou_pond_b
D:3:      layout_loops_cross, fedhas_altar_2, nemelex_diamond_rough_becter,
          minmay_misc_feat_diagonals, minmay_crystal_water, roderic_batcave,
          chequers_serial_rivers_large_a, minmay_crystal_room
D:4:      layout_cave_pools, xom_redecorated, uniq_duvessa, uniq_sigmund,
          uniq_pikel

Skill      XL: |  1  2  3  4  5  6  7 |
---------------+----------------------+-----
Axes           | 3 4 5 6 8 9 |  9.7
Fighting       | 4 5 6 7 |  7.1
Armour         | |  3.2
Shields        | |  3.2

Action                   |  1- 3 |  4- 6 |  7- 9 || total
-------------------------+-------+-------+-------++-------
Melee: War axe           |   102 |    74 |    26 ||   202
Invok: Curse Item        |     2 |       |       ||     2
Evoke: Wand              |       |       |     1 ||     1
  Use: Potion            |       |       |     2 ||     2
Armor: Scale mail        |    51 |    43 |    12 ||   106
Dodge: Dodged            |    50 |    43 |     9 ||   102
